 Dungeon Crawl Stone Soup version 0.17.0-28-g6e173f8 (webtiles) character file.

51 Larett the Skirmisher (level 3, 0/36 HPs)
             Began as a Hill Orc Fighter on Dec 3, 2015.
             Slain by Natasha (8 damage)
             ... on level 2 of the Dungeon.
             The game lasted 00:02:08 (824 turns).

Larett the Skirmisher (Hill Orc Fighter)             Turns: 824, Time: 00:02:08

Health: 0/36       AC:  6    Str: 24    XL:     3   Next: 81%
Magic:  3/3        EV: 12    Int:  8    God:
Gold:   81         SH: 10    Dex: 15    Spells: 0 memorised, 2 levels left

rFire  . . .     SeeInvis .     a - +0 war axe
rCold  . . .     Clarity  .     b - +0 scale mail
rNeg   . . .     SustAt   .     c - +0 shield
rPois  .         Gourm    .     (no helmet)
rElec  .         Spirit   .     (no cloak)
rCorr  .         Warding  .     (no gloves)
rMut   .         Stasis   .     (no boots)
MR     .....                    (no amulet)
Stlth  +.........               (no ring)
                                (no ring)

@: mighty, agile, not resistant to hostile enchantments, very unstealthy
A: no striking features
a: no special abilities


You were on level 2 of the Dungeon.
You were not hungry.

You visited 1 branch of the dungeon, and saw 2 of its levels.

You collected 81 gold pieces.

Inventory:

Hand Weapons
 a - a +0 war axe (weapon)
Missiles
 h - 104 stones (quivered)
 i - 4 poisoned needles
 l - 79 arrows
 s - 17 sling bullets
Armour
 b - a +0 scale mail (worn)
 c - a +0 shield (worn)
Wands
 q - a wand of teleportation (5)
Scrolls
 n - a scroll of amnesia {unknown}
 o - a scroll of fear {unknown}
 p - a scroll of remove curse {unknown}
 r - a scroll of random uselessness {unknown}
 v - 2 scrolls of identify {unknown}
Potions
 j - a potion of agility
 k - 2 potions of flight {unknown}
 m - a potion of degeneration {unknown}
 w - a potion of cancellation {unknown}
Books
 t - a book of Enchantments

   Spells                             Type                      Level
   a - Cause Fear                     Hexes                        4
   b - Silence                        Hexes/Air                    5
   c - Deflect Missiles               Charms/Air                   6
   d - Haste                          Charms                       6
   e - Discord                        Hexes                        8
 u - a book of Ice

   Spells                             Type                      Level
   a - Ice Form                       Ice/Transmutation            4
   b - Metabolic Englaciation         Hexes/Ice                    5
   c - Ozocubu's Refrigeration        Ice                          6
   d - Bolt of Cold                   Conjuration/Ice              6
   e - Freezing Cloud                 Conjuration/Ice/Air          6
   f - Simulacrum                     Ice/Necromancy               6
Comestibles
 e - a bread ration
 f - 9 chunks of flesh
 g - 3 beef jerkies


   Skills:
 * Level 5.6 Fighting
 - Level 2.6 Axes
 - Level 3.2 Armour
 - Level 3.2 Shields


You had 2 spell levels left.
You didn't know any spells.

Dungeon Overview and Level Annotations

Branches:
Dungeon (2/15)

Altars:

Annotations:
D:2 Natasha


Message History

You block Natasha's attack. Natasha claws you.
Your shield and scale mail prevent you from hitting Natasha.
Natasha is moderately wounded.
You hit the iron imp but do no damage. Natasha barely misses you.
The iron imp hits you!
You closely miss Natasha.
Natasha is moderately wounded.
Your scale mail prevents you from hitting the iron imp.
Natasha completely misses you. The iron imp hits you!
* * * LOW HITPOINT WARNING * * *
Natasha claws you.
* * * LOW HITPOINT WARNING * * *
Drink which item? (? for menu, Esc to quit)
It was a potion of agility.
You feel agile all of a sudden. The iron imp barely misses you.
Natasha closely misses you.
Drink which item? (? for menu, Esc to quit)
You feel very mighty all of a sudden. The iron imp closely misses you.
Natasha claws you!
You die...

#.....# #.....#
####...<..
#.....#########
#..............
####....#####..###
...'....# #..#
####....#####..######.#
+.)..........@.....#
#............5h....#
#.....##...........#
#####.##...........#
##.#...........#
.####+######## ##


You could see an iron imp and Natasha.

Vanquished Creatures
  2 adders (D:2)
  An ooze (D:1)
  2 worms (D:2)
  A ball python (D:2)
  3 goblins
  4 hobgoblins
  A quokka (D:2)
  5 bats
  2 giant newts (D:2)
  4 rats (D:1)
25 creatures vanquished.

Notes
Turn   | Place    | Note
--------------------------------------------------------------
     0 | D:1      | Larett the Hill Orc Fighter began the quest for the Orb.
     0 | D:1      | Reached XP level 1. HP: 19/19 MP: 1/1
   135 | D:1      | Reached skill level 4 in Fighting
   341 | D:1      | Reached XP level 2. HP: 20/27 MP: 2/2
   672 | D:2      | Reached XP level 3. HP: 35/35 MP: 3/3
   673 | D:2      | Reached skill level 5 in Fighting
   816 | D:2      | Noticed Natasha
   824 | D:2      | Slain by Natasha

Action                   || total
-------------------------++-------
Melee: War axe           ||    82
  Use: Potion            ||     2
